 Dungeon Crawl Stone Soup version 0.25.1-2-g60ff931df9 (webtiles) character file.

Game seed: 11114334167643016974

555 Erymatos the Chopper (level 7, -1/91 HPs)
             Began as a Minotaur Berserker on Nov 11, 2020.
             Was a Priest of Trog.
             Slain by Prince Ribbit (7 damage)
             ... on level 5 of the Dungeon.
             The game lasted 00:03:14 (3673 turns).

Erymatos the Chopper (Minotaur Berserker)           Turns: 3673, Time: 00:03:14

Health: -1/91      AC:  2    Str: 22    XL:     7   Next: 8%
Magic:  6/6        EV: 13    Int:  4    God:    Trog [***...]
Gold:   177        SH:  0    Dex: 11    Spells: 6/6 levels left

rFire    . . .     SeeInvis .   u - +0 war axe
rCold    . . .     Gourm    .   (no shield)
rNeg     . . .     Faith    .   b - +0 animal skin
rPois    .         Spirit   .   (helmet restricted)
rElec    .         Reflect  .   (no cloak)
rCorr    .         Harm     .   (no gloves)
MR       .....                  (no boots)
Stlth    ..........             (no amulet)
HPRegen  0.25/turn              (no ring)
MPRegen  0.10/turn              (no ring)

@: berserking (expiring), very quick
A: retaliatory headbutt, horns 2
a: Berserk, Trog's Hand, Renounce Religion


You were on level 5 of the Dungeon.
You worshipped Trog.
Trog was most pleased with you.
You were hungry.

You visited 1 branch of the dungeon, and saw 4 of its levels.

You collected 177 gold pieces.

Inventory:

Hand Weapons
 a - a +0 hand axe
 u - a +0 war axe (weapon)
Armour
 b - a +0 animal skin (worn)
Jewellery
 v - an uncursed amulet of the acrobat {unknown}
Wands
 s - a wand of paralysis (9)
 t - a wand of flame (15)
Scrolls
 e - 2 scrolls of teleportation {unknown}
 g - 3 scrolls of magic mapping {unknown}
 h - a scroll of blinking {unknown}
 i - a scroll of fear {unknown}
 j - 2 scrolls of identify {unknown}
 l - 2 scrolls of remove curse {unknown}
 m - 3 scrolls of amnesia {unknown}
 n - a scroll of enchant armour {unknown}
 q - a scroll of enchant weapon {unknown}
Potions
 d - a potion of magic {unknown}
 f - 3 potions of brilliance {unknown}
 k - 2 potions of degeneration {unknown}
 o - 2 potions of heal wounds {unknown}
 p - a potion of lignification {unknown}
 r - 2 potions of curing {unknown}
 x - a potion of stabbing {unknown}
Comestibles
 c - 3 rations
 w - 4 chunks of flesh


   Skills:
 + Level 5.5 Fighting
 + Level 7.5 Axes
 + Level 2.6 Armour
 + Level 4.2 Dodging
 - Level 1.0 Stealth


You had 6 spell levels left.
You didn't know any spells.
Your spell library was empty.

Dungeon Overview and Level Annotations

Branches:
Dungeon (5/15)
 Temple: D:4-7

Altars:
Cheibriados

Shops:
D:4 *((   D:5 %

Annotations:
D:5 Prince Ribbit


Innate Abilities, Weirdness & Mutations

You reflexively headbutt those who attack you in melee.
You have a pair of horns on your head.


Message History

You feel yourself moving faster!
You feel mighty!
You are feeling hungry.
Prince Ribbit hits you!
You miss Prince Ribbit. Your headbutt misses Prince Ribbit.
Prince Ribbit hits you!
Unknown command.
You hit Prince Ribbit. Your headbutt misses Prince Ribbit.
Prince Ribbit is lightly wounded.
Prince Ribbit hits you!
* * * LOW HITPOINT WARNING * * *
Unknown command.
You slash Prince Ribbit! Your headbutt misses Prince Ribbit.
Prince Ribbit is heavily wounded.
Prince Ribbit hits you!
* * * LOW HITPOINT WARNING * * *
You miss Prince Ribbit.
Prince Ribbit is heavily wounded.
Prince Ribbit blinks!
Prince Ribbit hits you!
You die...

#.# ##.# #. #####.#
###.# ###. ##...#.#
#...####... ##......#
##......... #.......#
##........ #.......#
##.#.#..#
#.......#######...#.##
##...F.###....##......
##...@.###....##......
#.......##............
#.$..ยง..##......#.....
#.......##.....###....
##.....###....## #....
##...## #....# #....
##### #....# #####
#....# ######


You could see Prince Ribbit.

Vanquished Creatures
  Duvessa (D:4)
  An ogre (D:5)
  Dowan (D:4)
  A howler monkey (D:5)
  3 orc priests (D:4)
  A bullfrog skeleton (D:4)
  2 worker ants
  A gnoll (D:1)
  An adder (D:4)
  An ooze (D:2)
  2 worms (D:4)
  4 leopard geckos
  7 orcs
  7 giant cockroaches
  11 goblins
  3 hobgoblins
  7 jackals (D:2)
  3 quokkas
  4 bats (D:1)
  5 frilled lizards
  8 kobolds
  6 rats
80 creatures vanquished.

Notes
Turn   | Place    | Note
-------+----------+-------------------------------------------
     0 | D:1      | Erymatos the Minotaur Berserker began the quest for the
                  | Orb.
     0 | D:1      | Reached XP level 1. HP: 19/19 MP: 0/0
   283 | D:1      | Reached XP level 2. HP: 26/27 MP: 1/1
   534 | D:1      | Reached skill level 4 in Axes
  1025 | D:1      | Reached XP level 3. HP: 21/33 MP: 2/2
  1516 | D:2      | Reached ** piety under Trog
  1575 | D:2      | Reached skill level 5 in Axes
  1584 | D:2      | Reached XP level 4. HP: 37/41 MP: 3/3
  1750 | D:2      | You fall into a shaft and drop 2 floors!
  1846 | D:4      | Found Toepiybyi's General Store.
  1871 | D:4      | Reached XP level 5. HP: 10/47 MP: 4/4
  1874 | D:4      | Reached skill level 6 in Axes
  2194 | D:4      | Found Otibepea's Weapon Shop.
  2251 | D:4      | Found a snail-covered altar of Cheibriados.
  2446 | D:4      | Noticed Duvessa
  2449 | D:4      | Noticed Dowan
  2458 | D:4      | Killed Duvessa
  2458 | D:4      | Reached skill level 5 in Fighting
  2458 | D:4      | Reached XP level 6. HP: 55/56 MP: 5/5
  2463 | D:4      | Killed Dowan
  2691 | D:4      | Found Ometer's Weapon Boutique.
  2937 | D:4      | Reached skill level 7 in Axes
  2948 | D:5      | Entered Level 5 of the Dungeon
  3120 | D:5      | Reached skill level 1 in Stealth
  3120 | D:5      | Reached XP level 7. HP: 25/61 MP: 6/6
  3548 | D:5      | Reached *** piety under Trog
  3577 | D:5      | Found Viubesifu's Food Shop.
  3660 | D:5      | Noticed Prince Ribbit
  3673 | D:5      | Slain by Prince Ribbit

Illustrated notes

Levels and vault maps discovered:
D:1:      minmay_arrival_solitary_statue, layout_basic, kennysheep_doodads,
          hangedman_decor_slide_cut, minmay_worlds_worst_comb
D:2:      layout_basic, zin_scriptorium
D:4:      layout_basic, old_standard_altar, serial_shops, nicolae_shop_stone,
          shop, shop, uniq_duvessa
D:5:      layout_rooms, first_ration, serial_shops, shop_fountains,
          minivault_27, uniq_prince_ribbit1

Skill      XL: |  1  2  3  4  5  6 |
---------------+-------------------+-----
Fighting       | 4 5 |  5.5
Axes           | 4 5 6 7 |  7.5
Dodging        | 3 4 |  4.2
Stealth        | 1 |  1.0
Armour         | |  2.6

Action                   |  1- 3 |  4- 6 |  7- 9 || total
-------------------------+-------+-------+-------++-------
Melee: Hand axe          |    79 |    87 |       ||   166
       Headbutt          |    10 |    16 |     1 ||    27
       War axe           |       |       |    13 ||    13
Invok: Berserk           |       |     3 |     1 ||     4
 Stab: Sleeping          |       |     2 |       ||     2
  Eat: Chunk             |     2 |     6 |     4 ||    12
Armor: Animal skin       |     8 |    10 |       ||    18
Dodge: Dodged            |    62 |    53 |     6 ||   121
